 Dungeon Crawl Stone Soup version 0.26-a0-946-g9485abf61d (webtiles) character file.

Game seed: 4524487989258029683

44959 ANON1729 the Nimble (level 13, -14/110 HPs)
             Began as a Red Draconian Transmuter on Nov 28, 2020.
             Was a High Priest of Fedhas.
             Demolished by a dire elephant (36 damage)
             ... on level 6 of the Lair of Beasts.
             The game lasted 00:40:47 (23199 turns).

ANON1729 the Nimble (Red Draconian Transmuter)     Turns: 23199, Time: 00:40:48

Health: -14/110    AC: 10    Str: 22    XL:     13   Next: 99%
Magic:  24/24      EV: 22    Int: 18    God:    Fedhas [*****.]
Gold:   816        SH:  0    Dex: 18    Spells: 10/27 levels left

rFire    + . .     SeeInvis .     - Unarmed
rCold    . . .     Faith    +   (shield currently unavailable)
rNeg     . . .     Spirit   .   (armour unavailable)
rPois    .         Reflect  .   (helmet restricted)
rElec    .         Harm     .   R - +0 cloak (curse)
rCorr    .         Rampage  .   (gloves currently unavailable)
MR       .....                  o - +0 pair of boots
Stlth    +++.......             D - amulet of Leonoek {Faith MR- Str+3 Slay+5 Stlth+}
HPRegen  0.28/turn              J - +6 ring of strength
MPRegen  0.19/turn              g - +6 ring of dexterity

@: blade hands, studying Dodging
A: breathe fire, unfitting armour, fire resistance 1, cold-blooded, AC +8
a: Breathe Fire, End Transformation, Wall of Briars, Grow Ballistomycete,
Overgrow, Grow Oklob, Renounce Religion


You were on level 6 of the Lair of Beasts.
You worshipped Fedhas.
Fedhas was extremely pleased with you.
You had blades for hands.
You visited 3 branches of the dungeon, and saw 18 of its levels.

You collected 1092 gold pieces.
You spent 276 gold pieces at shops.

Inventory:

Hand Weapons
 a - a +2 dagger of venom
Missiles
 j - 10 atropa-tipped darts
 P - 9 curare-tipped darts (quivered)
Armour
 o - a +0 pair of boots (worn)
 E - a scarf of repulsion
 R - a cursed +0 cloak (worn)
Jewellery
 g - a +6 ring of dexterity (right scythe-like blade)
 t - a +4 ring of evasion
 y - an uncursed ring of fire
 D - the amulet of Leonoek (around neck) {Faith MR- Str+3 Slay+5 Stlth+}
   (You bought it in a shop on level 7 of the Dungeon)

   [amulet of faith]

   It allows you to gain divine favour quickly.
   It affects your strength (+3).
   It affects your accuracy and damage with ranged weapons and melee attacks
   (+5).
   It affects your resistance to hostile enchantments.
   It makes you more stealthy.
 G - a +4 ring of evasion
 J - a +6 ring of strength (left scythe-like blade)
 T - an uncursed ring of protection from cold
Wands
 z - a wand of iceblast (6)
 C - a wand of flame (26)
 I - a wand of acid (4)
 Q - a wand of paralysis (24)
 U - a wand of random effects (16)
 X - a wand of digging (6)
Scrolls
 c - 3 scrolls of enchant weapon
 e - 2 scrolls of blinking
 f - a scroll of torment
 i - 3 scrolls of amnesia
 l - 3 scrolls of enchant armour
 m - 8 scrolls of teleportation
 n - a scroll of fog
 w - 5 scrolls of immolation
 L - 3 scrolls of remove curse
 M - a scroll of summoning
 N - 3 scrolls of fear
 O - a scroll of magic mapping
 S - 2 scrolls of vulnerability
Potions
 b - 5 potions of might
 d - 2 potions of degeneration {unknown}
 h - 7 potions of curing
 p - 3 potions of haste
 q - 2 potions of flight
 r - 2 potions of magic {unknown}
 s - 2 potions of resistance {unknown}
 v - 2 potions of lignification {unknown}
 A - 4 potions of berserk rage {unknown}
 B - 5 potions of brilliance
 F - 2 potions of attraction {unknown}
 H - 2 potions of mutation {unknown}
 Z - a potion of heal wounds
Books
 K - a manual of Dodging
Miscellaneous
 u - a box of beasts
 W - a tin of tremorstones (2/2)


   Skills:
 + Level 8.9 Fighting
 * Level 12.1 Dodging
 * Level 11.5 Unarmed Combat
 + Level 7.7 Spellcasting
 * Level 11.3 Transmutations
 + Level 6.6 Poison Magic
 * Level 10.5 Invocations


You had 10 spell levels left.
You knew the following spells:

 Your Spells              Type           Power        Failure   Level
a - Beastly Appendage     Tmut           #####.       7%          1
b - Wereblood             Tmut           #####...     8%          2
c - Spider Form           Tmut/Pois      #####.....   14%         3
d - Blade Hands           Tmut           #####.....   24%         5
e - Passwall              Tmut/Erth      ####....     19%         2
f - Petrify               Tmut/Erth      ####....     45%         4

Your spell library contained the following spells:

 Spells                   Type           Power        Failure   Level
 Magic Dart               Conj           #...         45%         1
 Sandblast                Erth           #.....       45%         1
 Ice Form                 Ice/Tmut       ####....     45%         4
 Mephitic Cloud           Conj/Pois/Air  ##......     50%         3
 Blink                    Tloc           N/A          56%         2
 Call Imp                 Summ           #.......     56%         2
 Slow                     Hex            #.......     56%         2
 Yara's Violent Unravell  Hex/Tmut       ####......   69%         5
 Confusing Touch          Hex            #.......     73%         3
 Conjure Flame            Conj/Fire      #.......     73%         3
 Gell's Gravitas          Tloc           #.........   73%         3
 Stone Arrow              Conj/Erth      #.....       73%         3
 Lee's Rapid Deconstruct  Erth           #.........   99%         5
 Metabolic Englaciation   Hex/Ice        #.........   99%         5
 Chain Lightning          Conj/Air       #.........   100%        8
 Lehudib's Crystal Spear  Conj/Erth      #.........   100%        8
 Absolute Zero            Ice            #.........   100%        9
 Fire Storm               Conj/Fire      #.........   100%        9


Dungeon Overview and Level Annotations

Branches:
Dungeon (11/15)            Temple (1/1) D:5            Lair (6/6) D:11
  Swamp (0/4) Lair:4       Spider (0/4) Lair:2        Slime (0/5) Lair:5
    Orc: D:9-12

Altars:
Ashenzari
Cheibriados
Fedhas
Kikubaaqudgha
Makhleb
Nemelex Xobeh
Qazlal
Wu Jian

Shops:
D:7 **}

Annotations:
D:7 Harold


Innate Abilities, Weirdness & Mutations

You can breathe blasts of fire.
Your fiery red scales are hard. (AC +8)
You cannot fit into any form of body armour.
Your flesh is heat resistant. (rF+)
You are cold-blooded and may be slowed by cold attacks.


Message History

You hit the dire elephant.
The dire elephant is severely wounded.
The dire elephant barely misses you. The dire elephant trunk-slaps you!
You slice the dire elephant!!
You tail-slap the dire elephant, but do no damage.
The dire elephant is almost dead.
The dire elephant tramples you!!
You stumble backwards!
You are too injured to fight recklessly!
You hit the dire elephant but do no damage.
Your slash misses the dire elephant.
The dire elephant is almost dead.
You hit the dire elephant but do no damage.
You slash the dire elephant.
The dire elephant is almost dead.
The dire elephant tramples you!!
* * * LOW HITPOINT WARNING * * *
You stumble backwards!
The dire elephant tramples you!!!
You die...
Fedhas appreciates your contribution to the ecosystem.

##.♣ #....#..P ##..#
#.....PP. #...##
#....P... #....#####
♣........ #...##8..+
#♣........ ##...'..###
#......... #....#8...#
#♣.........
##..#####.#
♣..........
##..'@.#.##♣..........
##.'YY#.P##.........#
#.#..##.##.........#
###...#.###..).#....
#8.8#...#♣....#...
##†####.##.P.....#
##...≈#P.#...##..#
#..≈≈≈##.#...#....
#≈≈≈≈≈≈#.#........


You could see 2 dire elephants.

Vanquished Creatures
  Kirke (Lair:3)
  The ghost of Ejyotuk the Jinx, a journeyman SpEn (Lair:5)
  2 boulder beetles (Lair:3)
  4 hydras
  A catoblepas (Lair:6)
  An anaconda (Lair:6)
  4 death yaks
  Sonja (Lair:2)
  Pikel (D:4)
  2 ugly things
  A cyclops (D:9)
  2 black mambas
  Maurice (D:9)
  25 elephants
  5 cane toads
  3 rime drakes
  8 komodo dragons
  3 polar bears
  A tengu conjurer (D:9)
  3 slime creatures (Lair:5)
  Grinder (D:4)
  4 dream sheep (Lair:4)
  11 blink frogs
  4 wyverns
  30 yaks
  Sigmund (D:5)
  7 basilisks
  A steam dragon (D:9)
  Edmund (D:6)
  Duvessa (D:4)
  8 water moccasins
  3 orc warriors
  A sky beast (D:10)
  An ice beast (D:6)
  A black bear (D:10)
  An eye of draining (D:9)
  4 boggarts (Lair:6)
  2 necrophages
  5 ogres
  30 wolves
  2 centaurs
  A lemure (D:4)
  Blork the orc (D:4)
  12 bullfrogs
  Dowan (D:4)
  A wyvern skeleton (D:6)
  2 scorpions
  A water moccasin skeleton (D:8)
  4 killer bees (D:10)
  5 wights (D:8)
  An electric eel (Lair:2)
  3 centaur zombies
  2 bullfrog zombies
  4 hounds
  A quasit (D:10)
  A centaur skeleton (D:10)
  2 jellies
  4 orc priests
  Jessica (D:2)
  5 bullfrog skeletons
  An iguana (D:9)
  8 orc wizards
  7 hell rats (Lair:2)
  3 worker ants
  A hound zombie (D:5)
  A howler monkey zombie (D:5)
  Robin (D:4)
  6 gnolls (D:2)
  A howler monkey skeleton (D:4)
  13 adders
  3 river rats (D:3)
  4 shadow imps
  4 white imps
  3 ufetubi
  An adder zombie (D:5)
  An adder skeleton (D:9)
  2 worms
  3 dart slugs
  5 leopard geckos
  34 orcs
  4 ball pythons
  8 bats
  6 giant cockroaches
  9 goblins
  7 hobgoblins
  20 jackals
  3 quokkas
  4 frilled lizards
  A giant cockroach zombie (D:5)
  4 kobolds
  A leopard gecko skeleton (D:5)
  2 quokka skeletons
  3 quokka zombies
  5 rats
420 creatures vanquished.

Vanquished Creatures (collateral kills)
  The ghost of Ezife the Geomancer, a journeyman GrEE of Vehumet (Lair:5)
  A dream sheep (Lair:4)
  9 ballistomycete spores
11 creatures vanquished.

Vanquished Creatures (others)
  3 humans (Lair:4)
  2 bushes
  39 fungi
  69 plants
  7 withered plants
120 creatures vanquished.

Grand Total: 551 creatures vanquished

Notes
Turn   | Place    | Note
-------+----------+-------------------------------------------
     0 | D:1      | ANON1729 the Draconian Transmuter began the quest for the
                  | Orb.
     0 | D:1      | Reached XP level 1. HP: 16/16 MP: 3/3
    41 | D:1      | Reached XP level 2. HP: 18/23 MP: 5/5
   215 | D:1      | Reached skill level 2 in Dodging
   554 | D:1      | Reached XP level 3. HP: 28/28 MP: 6/6
  1358 | D:2      | Reached XP level 4. HP: 11/36 MP: 7/7
  2042 | D:2      | Noticed Jessica
  2050 | D:2      | Killed Jessica
  2072 | D:2      | Reached XP level 5. HP: 26/41 MP: 8/8
  3415 | D:3      | Learned a level 2 spell: Wereblood
  3419 | D:3      | Learned a level 3 spell: Spider Form
  3623 | D:3      | Reached XP level 6. HP: 45/50 MP: 8/10
  3910 | D:4      | Noticed Blork the orc
  4156 | D:4      | Killed Blork the orc
  4614 | D:4      | Noticed Grinder
  4618 | D:4      | Paralysed by Grinder for 4 turns
  4628 | D:4      | Paralysed by Grinder for 3 turns
  4636 | D:4      | Paralysed by Grinder for 2 turns
  5097 | D:4      | Your scales start taking on a fiery red colour.
  5097 | D:4      | Reached XP level 7. HP: 45/57 MP: 11/11
  5097 | D:4      | Gained mutation: Your flesh is heat resistant. (rF+) [Red
                  | Draconian growth]
  5103 | D:4      | Learned a level 5 spell: Blade Hands
  5245 | D:4      | Paralysed by Grinder for 5 turns
  5252 | D:4      | Killed Grinder
  5253 | D:4      | Reached skill level 3 in Dodging
  5253 | D:4      | Reached skill level 5 in Unarmed Combat
  5406 | D:4      | Noticed Pikel
  5448 | D:4      | Killed Pikel
  5449 | D:4      | Reached skill level 5 in Transmutations
  5449 | D:4      | Reached XP level 8. HP: 22/66 MP: 13/13
  5715 | D:4      | Noticed Dowan
  5716 | D:4      | Noticed Robin
  5717 | D:4      | Noticed Duvessa
  5742 | D:4      | Killed Duvessa
  5757 | D:4      | Killed Dowan
  5761 | D:4      | HP: 1/66 [Robin/+0 mace of protection (9)]
  5764 | D:4      | Killed Robin
  6021 | D:5      | Entered Level 5 of the Dungeon
  6076 | D:5      | Found a staircase to the Ecumenical Temple.
  6263 | Temple   | Entered the Ecumenical Temple
  6268 | Temple   | Became a worshipper of Fedhas Madash
  6473 | D:5      | Noticed Sigmund
  6493 | D:5      | Killed Sigmund
  6494 | D:5      | Reached skill level 4 in Dodging
  6494 | D:5      | Reached skill level 1 in Invocations
  7082 | D:5      | Reached * piety under Fedhas
  7276 | D:5      | Reached XP level 9. HP: 72/73 MP: 5/15
  7900 | D:6      | Found a snail-covered altar of Cheibriados.
  7908 | D:6      | Reached skill level 1 in Poison Magic
  8198 | D:6      | Noticed Edmund
  8204 | D:6      | Killed Edmund
  8207 | D:6      | Reached skill level 5 in Fighting
  8925 | D:7      | Found Vient's Gadget Emporium.
  8950 | D:7      | Reached ** piety under Fedhas
  8990 | D:7      | Found Keheh's Assorted Antiques.
  8993 | D:7      | Bought a scroll labelled OTYEK GIPIA for 32 gold pieces
  8993 | D:7      | Bought a crude bronze amulet for 160 gold pieces
  8993 | D:7      | Bought a bubbling emerald potion for 28 gold pieces
  8993 | D:7      | Bought a green potion for 28 gold pieces
  8993 | D:7      | Bought a bubbling emerald potion for 28 gold pieces
  8993 | D:7      | Identified the amulet of Leonoek {Faith MR- Str+3 Slay+5
                  | Stlth+} (You bought it in a shop on level 7 of the Dungeon)
  9045 | D:7      | Found Cuulaor's General Store.
  9048 | D:7      | Noticed Harold
  9298 | D:8      | Found a stormy altar of Qazlal.
  9817 | D:8      | Reached skill level 5 in Spellcasting
 10283 | D:9      | Noticed Maurice
 10291 | D:9      | Killed Maurice
 10292 | D:9      | Reached XP level 10. HP: 41/81 MP: 12/17
 10624 | D:9      | Reached *** piety under Fedhas
 10740 | D:9      | Reached skill level 5 in Dodging
 10840 | D:9      | Noticed a cyclops
 10858 | D:9      | Reached skill level 5 in Invocations
 10874 | D:9      | Learned a level 2 spell: Passwall
 10876 | D:9      | HP: 4/83 [poisoned by a water moccasin]
 11345 | D:9      | Killed a cyclops
 11559 | D:10     | Entered Level 10 of the Dungeon
 11643 | D:10     | Reached skill level 6 in Dodging
 11744 | D:10     | Noticed a red ugly thing
 11751 | D:10     | Killed a red ugly thing
 12239 | D:11     | Noticed a green ugly thing
 12249 | D:11     | Killed a green ugly thing
 12292 | D:11     | Noticed an elephant
 12301 | D:11     | Killed an elephant
 12301 | D:11     | Reached **** piety under Fedhas
 12308 | D:11     | Found a staircase to the Lair.
 12319 | D:11     | Noticed a boulder beetle
 12321 | D:11     | Reached skill level 7 in Dodging
 12321 | D:11     | Reached XP level 11. HP: 85/90 MP: 10/19
 12324 | Lair:1   | Entered Level 1 of the Lair of Beasts
 14156 | Lair:2   | Noticed Sonja
 14167 | Lair:2   | Killed Sonja
 14222 | Lair:2   | Reached skill level 8 in Dodging
 14283 | Lair:2   | Noticed a six-headed hydra
 14297 | Lair:2   | Killed a six-headed hydra
 14639 | Lair:2   | Found a hole to the Spider Nest.
 16078 | Lair:3   | Noticed a boulder beetle
 16089 | Lair:3   | Killed a boulder beetle
 16090 | Lair:3   | Reached skill level 9 in Dodging
 16090 | Lair:3   | Reached XP level 12. HP: 91/100 MP: 15/21
 16407 | Lair:3   | Noticed a boulder beetle
 16413 | Lair:3   | Killed a boulder beetle
 16521 | Lair:3   | Noticed a six-headed hydra
 16528 | Lair:3   | Learned a level 4 spell: Petrify
 16545 | Lair:3   | Killed a six-headed hydra
 17383 | Lair:4   | Found a staircase to the Swamp.
 17385 | Lair:4   | Noticed Kirke
 17495 | Lair:3   | Killed Kirke
 17496 | Lair:3   | Reached skill level 10 in Unarmed Combat
 17496 | Lair:3   | Reached skill level 5 in Poison Magic
 18141 | Lair:4   | Reached skill level 10 in Transmutations
 18265 | Lair:4   | Reached skill level 10 in Dodging
 18518 | Lair:5   | Noticed a death yak
 18518 | Lair:5   | Noticed a death yak
 18520 | Lair:5   | Noticed a death yak
 18520 | Lair:5   | Noticed a death yak
 18652 | Lair:5   | Reached ***** piety under Fedhas
 18984 | Lair:5   | Found a staircase to the Slime Pits.
 19405 | Lair:4   | Killed a death yak
 19406 | Lair:4   | Reached XP level 13. HP: 65/107 MP: 15/23
 20534 | Lair:5   | Reached skill level 11 in Dodging
 20883 | Lair:5   | Found a runed translucent gate.
 20884 | Lair:5   | Found a runed translucent gate.
 20885 | Lair:5   | Found a runed translucent gate.
 20886 | Lair:5   | Noticed Ejyotuk's ghost (journeyman SpEn)
 20887 | Lair:5   | Noticed Ezife's ghost (journeyman GrEE)
 20903 | Lair:5   | Killed Ejyotuk's ghost
 20908 | Lair:5   | Killed Ezife's ghost
 21452 | Lair:6   | Entered Level 6 of the Lair of Beasts
 21851 | Lair:6   | Reached skill level 10 in Invocations
 22795 | Lair:6   | Reached skill level 12 in Dodging
 23184 | Lair:6   | Noticed a dire elephant
 23184 | Lair:6   | Noticed a dire elephant
 23199 | Lair:6   | Demolished by a dire elephant

Illustrated notes

Levels and vault maps discovered:
D:1:      dpeg_arrival_fog, layout_rooms, dk_noncrumbling_2
D:2:      layout_loops_ring, uniq_jessica
D:3:      layout_basic, portal_sewer_entry_b
D:4:      layout_cave_pods, uniq_robin, uniq_blork_the_orc, uniq_duvessa,
          uniq_pikel, uniq_grinder
D:5:      layout_cave_pools, temple_statues, serial_undead, serial_undead_c,
          serial_undead_e, serial_undead_d, serial_undead_b,
          kennysheep_generic_room_11, uniq_sigmund
D:6:      layout_loops_cross, kennysheep_little_box, uniq_edmund
D:7:      layout_rooms, serial_shops, kennysheep_mini_moat, shop,
          nicolae_shop_waterfront, uniq_harold
D:8:      layout_loops_corners, nicolae_qazlal_general_emergency
D:9:      layout_rooms, minmay_pinched_square, uniq_maurice
D:10:     layout_basic
D:11:     layout_irregular_city, david_lair_generic, makhleb_altar_promises_db
Temple:   grunt_wide_crystal_templ
Lair:1:   layout_loops_ring
Lair:2:   wad_woods_structure_01, layout_chaotic_city,
          spider_nest_entry_web_field, serial_bayou_shore_a, uniq_sonja
Lair:3:   layout_layer_cave
Lair:4:   layout_misc_corridors, swamp_mist, uniq_kirke
Lair:5:   layout_cave_shapes, minmay_slime_entry_pillars,
          gammafunk_ghost_cemetery, st_stairs_8, small_statue_intersection,
          grunt_forest_large_clearings, grunt_megastairs_4
Lair:6:   due_jungle_book, layout_gridlike, kilobyte_rumbling_trees

Skill      XL: |  1  2  3  4  5  6  7  8  9 10 11 12 13 |
---------------+----------------------------------------+-----
Dodging        | 2 3 4 7 9 10 12 | 12.1
Fighting       | 2 3 4 5 6 7 8 |  8.9
Transmutations | 3 4 5 6 7 8 9 10 11 | 11.3
Unarmed Combat | 4 6 7 8 9 10 11 | 11.5
Spellcasting   | 3 4 5 6 7 |  7.7
Invocations    | 2 4 6 7 9 10 | 10.5
Poison Magic   | 2 3 4 5 6 |  6.6

Action                   |  1- 3 |  4- 6 |  7- 9 | 10-12 | 13-15 || total
-------------------------+-------+-------+-------+-------+-------++-------
Melee: Dagger            |    88 |   203 |    92 |       |       ||   383
       Tailslap          |    10 |    27 |    67 |    62 |    37 ||   203
       Punch             |     1 |     5 |    13 |    13 |    21 ||    53
       Unarmed           |     1 |       |   296 |   390 |   227 ||   914
       Kick              |       |       |     9 |     7 |     4 ||    20
       Headbutt          |       |       |     4 |     5 |     1 ||    10
Throw: Dart              |       |       |     2 |     5 |       ||     7
 Cast: Wereblood         |       |     1 |     1 |    10 |     3 ||    15
       Beastly Appendage |       |       |     2 |     3 |     1 ||     6
       Blade Hands       |       |       |    12 |    39 |    21 ||    72
       Passwall          |       |       |       |     1 |     1 ||     2
       Petrify           |       |       |       |       |     2 ||     2
Invok: Grow Ballistomyce |       |       |       |     3 |     1 ||     4
       Wall of Briars    |       |       |       |     2 |     1 ||     3
       Grow Oklob        |       |       |       |       |     1 ||     1
 Abil: Breathe Fire      |       |       |     6 |       |       ||     6
       End Transformatio |       |       |       |       |     1 ||     1
Evoke: Wand              |       |       |       |     4 |       ||     4
       Box of beasts     |       |       |       |     1 |       ||     1
  Use: Scroll            |       |       |    14 |    10 |     2 ||    26
       Potion            |       |       |     1 |     1 |       ||     2
 Stab: Sleeping          |       |     4 |     3 |     2 |       ||     9
       Confused          |       |       |       |     1 |       ||     1
       Petrified         |       |       |       |       |     4 ||     4
       Distracted        |       |       |       |       |     1 ||     1
Armor: Skin              |    33 |    48 |    99 |    79 |    39 ||   298
Dodge: Dodged            |    83 |   131 |   370 |   340 |   213 ||  1137
       Repelled          |       |       |     2 |       |       ||     2

Table legend: (Time is in decaauts)
 A = Elapsed time spent in this place.
 B = Non-inter-level travel time spent in this place.
 C = Inter-level travel time spent in this place.
 D = Time resting spent in this place.
 E = Time spent auto-exploring this place.
 F = Levels seen in this place.
 G = Mean time per level.
                   A        B        C        D        E       F      G
               +--------+--------+--------+--------+--------+-----+--------+
         Total |  23197 |  22333 |    864 |   6605 |  12503 |  18 | 1288.7 |
       Dungeon |  12272 |  11865 |    407 |   2827 |   7223 |  11 | 1115.6 |
        Temple |     10 |     10 |      0 |      0 |      0 |   1 |   10.0 |
          Lair |  10914 |  10458 |    456 |   3778 |   5279 |   6 | 1819.0 |
               +--------+--------+--------+--------+--------+-----+--------+

Top non-repeatable levels by time:
  Lair:3: 2503 daAuts
  Lair:2: 1905 daAuts
  Lair:4: 1835 daAuts
     D:2: 1804 daAuts
     D:3: 1764 daAuts
  Lair:1: 1718 daAuts
  Lair:6: 1595 daAuts
     D:4: 1564 daAuts
     D:8: 1526 daAuts
     D:6: 1358 daAuts
  Lair:5: 1357 daAuts
     D:5: 1151 daAuts
     D:1: 1036 daAuts
     D:9: 842 daAuts
    D:10: 673 daAuts
